AoeStats
← Marbas

Arena

507948541Analyzed
1v1 RM · 12d ago on Sep 20, 2026· 48m 43s· 2 players
Game mode
Random Map
Map size
Tiny (2 player)
Population
200
Speed
Normal
Resources
Standard
Victory
Conquest
Starting age
Dark Age
Ending age
Imperial Age
RankedLock teamsTeams togetherTeam positionsShared explorationLock speedFull tech treeHidden civsTurbo modeCheats
Victory
Defeat
🇷🇺 Malians · Russia
1765
+18
🇳🇱 Malay · Netherlands
1815
-18
Marbas
10:06 Feudal Age
13:41 Castle Age
11:46 Double-Bit Axe
12:39 Horse Collar
14:43 Bow Saw
20:37 Wheelbarrow
21:01 Heavy Plow
21:43 Stone Mining
22:11 Gold Mining
23:38 Gold Shaft Mining
23:48 Hand Cart
24:26 Treadmill Crane
25:23 Stone Shaft Mining
24:41 Town Watch
24:41 Loom
25:24 Scale Barding Armor
25:23 Man-at-Arms
27:10 Husbandry
27:21 Bloodlines
27:32 Chain Barding Armor
29:49 Imperial Age
28:28 Masonry
29:32 Forging
29:24 Long Swordsman
30:05 Squires
29:52 Heavy Camel Rider
31:13 Plate Barding Armor
32:39 Iron Casting
34:16 Light Cavalry
34:21 Two-Handed Swordsman
35:19 Scale Mail Armor
35:25 Arson
36:10 Conscription
36:06 Farimba
36:34 Champion
37:38 Chain Mail Armor
39:42 Plate Mail Armor
41:42 Chemistry
41:00 Fletching
46:37 Hoardings
46:58 Architecture
Gordito
8:27 Feudal Age
8:05 Double-Bit Axe
8:01 Horse Collar
9:44 Loom
16:33 Castle Age
18:33 Bow Saw
19:00 Wheelbarrow
18:29 Heavy Plow
20:43 Hand Cart
22:45 Gold Mining
27:05 Imperial Age
24:23 Loom
24:59 Heavy Plow
25:44 Husbandry
26:05 Scale Barding Armor
26:16 Forging
27:36 Chemistry
29:18 Conscription
29:56 Iron Casting
29:05 Treadmill Crane
31:06 Elite Battle Elephant
33:56 Blast Furnace
34:35 Fletching
34:55 Squires
35:34 Ballistics
34:49 Pikeman
35:31 Halberdier
35:57 Cavalier
37:53 Masonry
40:05 Bodkin Arrow
41:27 Bracer
43:59 Siege Engineers
45:37 Murder Holes
Connection lost

Rejoining the realm…

Still unreachable

The connection could not be restored.

Session expired

The server has moved on; the page needs a fresh start.